 Dungeon Crawl Stone Soup version 0.29.1-15-g9cfb28693d (webtiles) character file.

Game seed: 10592008625831034986

4788 growler the Grappler (level 10, 0/99 HPs)
             Began as a Yellow Draconian Transmuter on Feb 27, 2023.
             Slain by a wolf (9 damage)
             ... led by Grum
             ... on level 8 of the Dungeon.
             The game lasted 00:25:28 (11025 turns).

growler the Grappler (Yellow Draconian Transmuter) Turns: 11025, Time: 00:25:29

Health: 0/99       AC:  7    Str: 14    XL:     10   Next: 24%
Magic:  11/16      EV: 10    Int: 17    God:
Gold:   1275       SH:  0    Dex: 11    Spells: 4/17 levels left

rFire   x . .      SeeInvis .     - Unarmed
rCold   + + +      Faith    .   (shield currently unavailable)
rNeg    . . .      Spirit   .   (body armour unavailable)
rPois   +          Reflect  .   (helmet currently unavailable)
rElec   .          Harm     .   (cloak currently unavailable)
rCorr   .          Rampage  .   (gloves currently unavailable)
Will    .....                   (boots currently unavailable)
Stlth   +.........              (no amulet)
HPRegen 0.26/turn               (no ring)
MPRegen 0.15/turn               (no ring)

@: ice-form, wereblooded
A: freezing attack, amphibious, boosted hp, (spit acid), AC +7, large, unfitting
armour, (cold-blooded), (acid resistance)
a: End Transformation


You were on level 8 of the Dungeon.
You were a creature of crystalline ice.
You visited 2 branches of the dungeon, and saw 9 of its levels.
You also visited: Bailey.

You collected 1275 gold pieces.

Inventory:

Missiles
 j - 19 poisoned darts
Armour
 v - a +0 hat (melded)
 y - a +0 pair of gloves (melded)
 A - a +0 pair of boots of flying (melded)
Jewellery
 p - a ring of wizardry
 t - an amulet of the acrobat
Wands
 c - a wand of roots (12)
 o - a wand of paralysis (10)
 D - a wand of flame (23)
 E - a wand of mindburst (2)
Scrolls
 b - a scroll of noise
 e - 12 scrolls of teleportation
 g - a scroll of enchant armour {unknown}
 h - a scroll of blinking
 i - a scroll of butterflies
 k - a scroll of poison {unknown}
 l - a scroll of magic mapping
 x - a scroll of enchant weapon {unknown}
 B - a scroll of vulnerability {unknown}
 C - a scroll of immolation {unknown}
Potions
 a - 5 potions of flight
 d - 5 potions of heal wounds {unknown}
 f - a potion of magic
 m - a potion of berserk rage
 n - a potion of might {unknown}
 q - a potion of curing
 r - a potion of invisibility
 s - 2 potions of degeneration
 u - a potion of mutation {unknown}
 w - a potion of ambrosia
 z - a potion of brilliance


   Skills:
 + Level 6.3 Fighting
 - Level 1.7 Dodging
 + Level 11.4 Unarmed Combat
 - Level 4.0 Spellcasting
 - Level 6.0 Transmutations
 - Level 5.0 Ice Magic


You had 4 spell levels left.
You knew the following spells:

 Your Spells              Type           Power      Damage    Failure   Level
a - Beastly Appendage     Tmut           46%        N/A       1%          1
b - Wereblood             Tmut           23%        N/A       1%          2
c - Spider Form           Tmut/Pois      13%        N/A       14%         3
d - Swiftness             Air            3%         N/A       43%         3
e - Ice Form              Ice/Tmut       22%        N/A       16%         4

Your spell library contained the following spells:

 Spells                   Type           Power      Damage    Failure   Level
 Passwall                 Tmut/Erth      10%        N/A       7%          2
 Ensorcelled Hibernation  Hex/Ice        22%        N/A       9%          2
 Foxfire                  Conj/Fire      12%        2x1d4     16%         1
 Poisonous Vapours        Pois/Air       6%         N/A       24%         2
 Conjure Flame            Conj/Fire      3%         6-21      43%         3
 Inner Flame              Hex/Fire       3%         N/A       43%         3
 Mephitic Cloud           Conj/Pois/Air  3%         N/A       43%         3
 Anguish                  Hex/Necr       1%         N/A       83%         4
 Flame Wave               Conj/Fire      3%         2d5       83%         4
 Enfeeble                 Hex            1%         N/A       100%        7


Dungeon Overview and Level Annotations

Branches:
Dungeon (8/15)             Temple (1/1) D:6            Lair (0/5) D:8
 Bailey (visited)

Altars:
Ashenzari
Cheibriados
Dithmenos
Elyvilon
Fedhas
Gozag
Hepliaklqana
Kikubaaqudgha
Makhleb
Nemelex Xobeh
Okawaru
Qazlal
Ru
Sif Muna
Trog
Uskayaw
Vehumet
Xom
Yredelemnul
Zin
The Shining One

Annotations:
D:5 1 runed translucent door, Crazy Yiuf


Innate Abilities, Weirdness & Mutations

You are a creature of crystalline ice.
You have a powerful freezing melee attack.
You are amphibious.
Your maximum health is increased.
Your armour is entirely melded.
You are incapable of wielding weapons or throwing items.
((You can spit globs of acid.))
((Your golden yellow scales are hard. (AC +7)))
You cannot fit into any form of body armour.
((You are cold-blooded and may be slowed by cold attacks.))
((You are resistant to acid. (rCorr)))


Message History

Your Fighting skill increases to level 6!
You punch the wolf! You freeze the wolf.
The wolf is severely wounded.
The wolf bites you. The wolf bites you but does no damage.
Grum barely misses you.
The wolf bites you but does no damage. x2
You pummel the wolf!! You freeze the wolf.
You feel a bit better.
You kill the wolf!
You howl as the wereblood boils in your veins!
The wolf closely misses you. x2
Grum hits you from afar with a +0 halberd!
The wolf bites you. x2; The wolf closely misses you.
Grum cheerfully says, "No dog meat for Grum tonight!"
Grum misses you. The wolf bites you but does no damage.
There is an open door, spattered with blood here.
Things that are here:
a wolf corpse; a wolf corpse You pummel Grum!!
You freeze Grum!
Grum is severely wounded.
The wolf bites you!
* * * LOW HITPOINT WARNING * * *
The wolf closely misses you. Grum hits you with a +0 halberd.
* * * LOW HITPOINT WARNING * * *
Unknown command.
You punch Grum! You freeze Grum.
You feel a bit better.
You kill Grum!
The wolf barely misses you. The wolf bites you but does no damage.
The wolf bites you.
* * * LOW HITPOINT WARNING * * *
You hit the wolf. You freeze the wolf.
The wolf is lightly wounded.
The wolf bites you but does no damage. The wolf completely misses you.
The wolf barely misses you.
You punch the wolf! You freeze the wolf.
The wolf is almost dead.
The wolf completely misses you. The wolf bites you!
* * * LOW HITPOINT WARNING * * *
The wolf bites you.
* * * LOW HITPOINT WARNING * * *
You feel better. The wolf bites you!
You die...

*,,,,*,,,,#......#..#,,,,+,,*
*,,*,,*,,##......#..#,,,,*,,*
*********#.......#..#,,,,*,,*
#.......#..#,,,,*,,*
#.......#..#,,,,*,,*
***#######.......#..#,,,,*,,*
*,,#........#+####..#,,,,****
*,...#.....h#.......*,,,,,,,,
*,,,,#......Y)......*,,,,,,,,
*,,,*#.....h######..*,,,,,,,,
*,,,*######..,,,,*,,*,,,,,,,,
*,,,*,,,,,#...,,,*,,**+**,,,,
*,,,*,,,,,#....,,*,,*,,,*,,,,
*,,,*,,,,,+.....,**+**,,*,,,,
*,,,*,,***#......,,,,*,,*,,,,
*******,,,........,,,**+*,,,,
*,,,,******,,,,,,,,,,,,


You could see 2 wolves.

Vanquished Creatures
  Pikel (D:7)
  Maggie (D:8)
  Prince Ribbit (D:7)
  Sigmund (D:3)
  Grum (D:8)
  A steam dragon (D:6)
  An acid dragon (D:7)
  A water moccasin (D:7)
  9 orc warriors
  4 ice beasts
  A black bear (D:7)
  An ogre (D:7)
  2 wolves (D:8)
  2 centaurs
  2 lemures (D:7)
  3 phantoms
  A kobold brigand (D:6)
  A gnoll sergeant (D:5)
  3 scorpions
  3 wights (D:7)
  2 howler monkeys
  3 orc priests
  A gnoll bouda (D:7)
  4 hounds
  Terence (D:2)
  2 iguanas (D:7)
  8 orc wizards
  8 gnolls
  4 adders
  A white imp (D:6)
  3 worms (D:4)
  6 dart slugs
  41 orcs
  6 endoplasms
  3 giant cockroaches
  10 goblins
  5 hobgoblins
  3 jackals (D:2)
  21 kobolds
  4 quokkas
  4 ball pythons
  6 bats
  2 frilled lizards (D:2)
  3 rats (D:2)
191 creatures vanquished.

Vanquished Creatures (others)
  3 fungi (D:8)
  3 plants (D:8)
6 creatures vanquished.

Grand Total: 197 creatures vanquished

Notes
Turn   | Place    | Note
-------+----------+-------------------------------------------
     0 | D:1      | growler the Draconian Transmuter began the quest for the
                  | Orb.
     0 | D:1      | Reached XP level 1. HP: 16/16 MP: 3/3
   275 | D:1      | Reached XP level 2. HP: 22/23 MP: 5/5
   278 | D:1      | Learned a level 2 spell: Wereblood
   305 | D:1      | Found a faded altar of an unknown god.
  1085 | D:2      | Noticed Terence
  1095 | D:2      | Killed Terence
  1096 | D:2      | Reached XP level 3. HP: 28/28 MP: 7/7
  1101 | D:2      | Learned a level 3 spell: Spider Form
  1293 | D:2      | Reached XP level 4. HP: 32/35 MP: 6/8
  1417 | D:2      | Reached skill level 4 in Unarmed Combat
  2394 | D:3      | Noticed Sigmund
  2422 | D:3      | Killed Sigmund
  2423 | D:3      | Reached skill level 5 in Unarmed Combat
  2423 | D:3      | Reached XP level 5. HP: 40/40 MP: 6/9
  2423 | D:3      | Reached XP level 6. HP: 47/47 MP: 6/10
  2725 | D:3      | Learned a level 3 spell: Swiftness
  3921 | D:5      | Entered Level 5 of the Dungeon
  3929 | D:5      | Reached skill level 6 in Unarmed Combat
  3935 | D:5      | Noticed an ice beast
  3942 | D:5      | HP: 2/47 [ice beast (12)]
  3946 | D:5      | Killed an ice beast
  3947 | D:5      | Your scales start taking on a golden yellow colour.
  3947 | D:5      | Reached XP level 7. HP: 3/52 MP: 8/11
  3947 | D:5      | Gained mutation: You are resistant to acid. (rCorr) [Yellow
                  | Draconian growth]
  4515 | D:5      | Reached skill level 7 in Unarmed Combat
  5142 | D:5      | Found a runed translucent door.
  5143 | D:5      | Noticed Crazy Yiuf
  5338 | D:5      | Reached skill level 8 in Unarmed Combat
  5908 | D:6      | Reached XP level 8. HP: 52/59 MP: 9/12
  5960 | D:6      | Reached skill level 9 in Unarmed Combat
  6016 | D:6      | Found a staircase to the Ecumenical Temple.
  6114 | D:5      | Learned a level 4 spell: Ice Form
  6446 | D:6      | Reached skill level 10 in Unarmed Combat
  6518 | Temple   | Entered the Ecumenical Temple
  6958 | D:6      | Reached skill level 1 in Ice Magic
  7588 | D:7      | Found a flagged portal.
  7646 | Bailey   | Entered a bailey
  7701 | Bailey   | Reached XP level 9. HP: 51/68 MP: 11/14
  8071 | Bailey   | Reached skill level 5 in Transmutations
  8893 | D:7      | Noticed Prince Ribbit
  8898 | D:7      | Killed Prince Ribbit
  9427 | D:7      | Noticed Pikel
  9443 | D:7      | Killed Pikel
  9444 | D:7      | Reached skill level 5 in Fighting
  9444 | D:7      | Reached skill level 11 in Unarmed Combat
 10062 | D:7      | Reached XP level 10. HP: 55/81 MP: 11/16
 10201 | D:8      | Got Sif Muna's Excursus on the Pyre and Pollution
 10442 | D:8      | Found a staircase to the Lair.
 10725 | D:8      | Noticed Maggie
 10894 | D:8      | Killed Maggie
 10895 | D:8      | Reached skill level 5 in Ice Magic
 11012 | D:8      | Noticed Grum
 11022 | D:8      | Killed Grum
 11024 | D:8      | HP: 1/99 [wolf[Grum] (5)]
 11025 | D:8      | Slain by a wolf

Illustrated notes

Levels and vault maps discovered:
D:1:      dpeg_arrival_long_road, layout_basic, basic_ecumenical_altar
D:2:      layout_basic, uniq_terence
D:3:      layout_basic, uniq_sigmund
D:4:      layout_cave_pods, cheibrodos_sewer_entry_bend
D:5:      layout_basic, uniq_crazy_yiuf_cottage
D:6:      layout_gridville, minmay_temple_entry_statues_fountains
D:7:      layout_layer_cave, enter_bailey_8, nicolae_ossuary_entry_plus,
          uniq_prince_ribbit1, uniq_pikel
D:8:      minmay_separated_statues, layout_gridville, dpeg_oklobed_lair,
          special_room [special_room_orc], uniq_joseph, uniq_psyche,
          uniq_maggie, uniq_erica, uniq_grum
Temple:   mainiacjoe_temple_trianglar_array

Skill      XL: |  1  2  3  4  5  6  7  8  9 10 |
---------------+-------------------------------+-----
Transmutations | 4 6 |  6.0
Unarmed Combat | 5 6 8 10 11 | 11.4
Spellcasting   | 3 4 |  4.0
Ice Magic      | 2 4 5 |  5.0
Fighting       | 2 5 6 |  6.3
Dodging        | |  1.7

Action                   |  1- 3 |  4- 6 |  7- 9 | 10-12 || total
-------------------------+-------+-------+-------+-------++-------
Melee: Unarmed           |   101 |   172 |   315 |    45 ||   633
       Tailslap          |     7 |     8 |    18 |       ||    33
       Punch             |     1 |     3 |    11 |     1 ||    16
       Headbutt          |     5 |    10 |     7 |       ||    22
       Kick              |     4 |    23 |    16 |       ||    43
 Cast: Beastly Appendage |     4 |    12 |    13 |       ||    29
       Spider Form       |       |     3 |    19 |       ||    22
       Wereblood         |       |       |     6 |     2 ||     8
       Ice Form          |       |       |     4 |     4 ||     8
       Swiftness         |       |       |     2 |       ||     2
 Abil: Breathe Acid      |       |       |     4 |     2 ||     6
Evoke: Wand              |       |     1 |       |       ||     1
  Use: Potion            |     1 |       |       |     1 ||     2
       Scroll            |       |     8 |     4 |     1 ||    13
 Stab: Sleeping          |     2 |     1 |       |       ||     3
Armor: Skin              |    33 |    50 |    58 |    36 ||   177
Dodge: Dodged            |    56 |    85 |   228 |    47 ||   416
